 Dungeon Crawl Stone Soup version 0.28-a0-1130-gc51a68064b (webtiles) character file.

Game seed: 9219757288058702996

463 ducksouse the Covered (level 6, -7/56 HPs)
             Began as a Minotaur Fighter on Dec 13, 2021.
             Was an Initiate of Gozag.
             Mangled by an iguana (8 damage)
             ... on level 4 of the Dungeon.
             The game lasted 00:07:29 (3782 turns).

ducksouse the Covered (Minotaur Fighter)            Turns: 3782, Time: 00:07:32

Health: -7/56      AC: 15    Str: 23    XL:     6   Next: 79%
Magic:  5/5        EV:  6    Int:  5    God:    Gozag
Gold:   284        SH:  5    Dex:  9    Spells: 5/5 levels left

rFire   . . .      SeeInvis .   a - +0 long sword
rCold   . . .      Faith    .   c - +0 buckler
rNeg    . . .      Spirit   .   f - +2 plate armour
rPois   .          Reflect  .   (helmet restricted)
rElec   .          Harm     .   p - +0 cloak
rCorr   .          Rampage  .   (no gloves)
Will    .....                   (no boots)
Stlth   ..........              (no amulet)
HPRegen 0.18/turn               (no ring)
MPRegen 0.09/turn               (no ring)

@: lethally poisoned (-7 -> -18), gold aura, flying
A: horns 2, retaliatory headbutt
a: Renounce Religion, Potion Petition, Call Merchant, Bribe Branch


You were on level 4 of the Dungeon.
You worshipped Gozag.
Gozag was aware of your devotion.
You visited 1 branch of the dungeon, and saw 4 of its levels.

You collected 320 gold pieces.
You paid 36 gold pieces to Gozag.

Inventory:

Hand Weapons
 a - a +0 long sword (weapon)
 d - a +4 quarterstaff of chaos
Armour
 b - a +0 scale mail
 c - a +0 buckler (worn)
 f - a +2 plate armour (worn)
 g - a +1 barding
 p - a +0 cloak (worn)
Scrolls
 e - 2 scrolls of teleportation {unknown}
 h - 2 scrolls of noise {unknown}
 i - a scroll of identify
 j - 2 scrolls of magic mapping
 l - a scroll of amnesia {unknown}
 n - a scroll of vulnerability {unknown}
Potions
 k - 2 potions of magic
 o - a potion of curing {unknown}
 q - a potion of heal wounds {unknown}


   Skills:
 + Level 5.6 Fighting
 + Level 4.9 Long Blades
 + Level 5.6 Armour
 + Level 5.5 Shields


You had 5 spell levels left.
You didn't know any spells.
Your spell library contained the following spells:

 Spells                   Type           Power      Damage    Failure   Level
 Apportation              Tloc           0%         N/A       100%        1
 Alistair's Intoxication  Tmut/Pois      0%         N/A       100%        5
 Summon Forest            Summ/Tloc      0%         N/A       100%        5
 Eringya's Noxious Bog    Tmut/Pois      0%         N/A       100%        6
 Summon Hydra             Summ           0%         N/A       100%        7


Dungeon Overview and Level Annotations

Branches:
Dungeon (4/15)             Temple (0/1) D:4

Altars:
Ashenzari
Dithmenos
Elyvilon
Gozag
Trog
Zin
The Shining One


Innate Abilities, Weirdness & Mutations

You have a pair of horns on your head.
You reflexively headbutt those who attack you in melee.


Message History

The scorpion stings you but does no damage.
A ball python comes into view.
Ijyb hits you but does no damage. You block the iguana's attack.
The scorpion stings you but does no damage.
You slash Ijyb! You headbutt Ijyb.
You kill Ijyb!
The scorpion stings you but does no damage.
The iguana bites you. The scorpion stings you.
The iguana bites you but does no damage.
Items here: ! $ ) / [.
The iguana hisses menacingly.
The iguana bites you but does no damage.
The scorpion stings you but does no damage.
The iguana bites you! The scorpion stings you.
You are poisoned.
The scorpion poisons you!
You barely miss the iguana. Your headbutt misses the iguana.
You feel very sick.
The scorpion stings you but does no damage.
The iguana bites you but does no damage.
You barely miss the iguana. Your headbutt misses the iguana.
You feel sick. The scorpion closely misses you. The iguana closely misses you.
The scorpion stings you.
You hit the iguana. Your headbutt misses the iguana.
The iguana is moderately wounded.
You feel sick. The iguana bites you.
* * * LOW HITPOINT WARNING * * *
The scorpion stings you.
* * * LOW HITPOINT WARNING * * *
You are more poisoned.
The scorpion poisons you!
It was a potion of flight.
You feel very buoyant.
You fly up into the air.
* * * LOW HITPOINT WARNING * * *
You feel very sick. The iguana bites you!
You die...
Your body crumbles into a pile of gold.

#...#['............
###...#.#............
#.....'.....#'######.
#.....#.###.#.# #....
##....#.# #.#.# #....
##..###.###.#.###....
#...S....(......'...(
####sl###..#.#.###....
#....@# .. ..# #.... $
#......# .. #....
#......# #....
######..# #.... #.#
#.... .# #...# .. ..
... #


You could see a scorpion, an iguana and a ball python.

Vanquished Creatures
  A jelly (D:4)
  A gnoll shaman (D:4)
  2 orc priests (D:4)
  Crazy Yiuf (D:3)
  A bullfrog skeleton (D:4)
  Jessica (D:3)
  2 orc wizards
  Ijyb (D:4)
  An iguana (D:4)
  4 gnolls (D:4)
  4 adders
  3 worms (D:3)
  A dart slug (D:1)
  5 orcs
  5 endoplasms
  4 giant cockroaches
  4 goblins
  8 hobgoblins
  4 jackals (D:1)
  3 quokkas
  9 ball pythons
  5 bats
  2 frilled lizards
  7 kobolds
  3 rats
82 creatures vanquished.

Vanquished Creatures (others)
  A fungus (D:2)
1 creature vanquished.

Grand Total: 83 creatures vanquished

Notes
Turn   | Place    | Note
-------+----------+-------------------------------------------
     0 | D:1      | ducksouse the Minotaur Fighter began the quest for the Orb.
     0 | D:1      | Reached XP level 1. HP: 19/19 MP: 0/0
   216 | D:1      | Found a faded altar of an unknown god.
   247 | D:1      | Reached XP level 2. HP: 25/27 MP: 1/1
   718 | D:1      | Reached XP level 3. HP: 30/33 MP: 2/2
   953 | D:2      | Found a broken altar of Ashenzari.
  1387 | D:2      | Reached XP level 4. HP: 35/40 MP: 3/3
  1903 | D:3      | Found an opulent altar of Gozag.
  1937 | D:3      | Became a worshipper of Gozag Ym Sagoz the Greedy
  2089 | D:3      | Noticed Jessica
  2096 | D:3      | Killed Jessica
  2124 | D:3      | Reached XP level 5. HP: 20/47 MP: 4/4
  2522 | D:3      | Found a runed translucent door.
  2523 | D:3      | Noticed Crazy Yiuf
  2622 | D:3      | Killed Crazy Yiuf
  2654 | D:4      | Found a staircase to the Ecumenical Temple.
  2723 | D:4      | Reached skill level 5 in Armour
  2726 | D:4      | Reached skill level 5 in Fighting
  2726 | D:4      | Reached skill level 5 in Shields
  3134 | D:4      | Reached XP level 6. HP: 41/56 MP: 5/5
  3266 | D:4      | Found a bloodstained altar of Trog.
  3346 | D:4      | Found a glowing golden altar of the Shining One.
  3346 | D:4      | Found a white marble altar of Elyvilon.
  3346 | D:4      | Found a glowing silver altar of Zin.
  3688 | D:4      | Found a shadowy altar of Dithmenos.
  3765 | D:4      | Noticed Ijyb
  3775 | D:4      | Killed Ijyb
  3782 | D:4      | HP: 1/56 [poisoned by a scorpion]
  3782 | D:4      | Mangled by an iguana

Illustrated notes

Levels and vault maps discovered:
D:1:      roderic_octagonal_star, layout_rooms,
          hellmonk_ecumenical_altar_blasted
D:2:      layout_loops_ring, basic_altar, minmay_shallow_snake_nest
D:3:      layout_basic, lemuel_round_altar, uniq_crazy_yiuf_cottage,
          uniq_jessica
D:4:      layout_basic, good_gods_mini_temple, makhleb_blood_cavern_becter,
          lemuel_coloured_pillars_altar, general_overflow_altar,
          minmay_temple_entry_statues_fountains,
          lightli_ossuary_entry_decrepit_ruins, uniq_ijyb, uniq_pikel

Skill      XL: |  1  2  3  4  5 |
---------------+----------------+-----
Fighting       | 4 5 |  5.6
Armour         | 4 5 |  5.6
Shields        | 4 5 |  5.5
Long Blades    | 3 4 |  4.9

Action                   |  1- 3 |  4- 6 || total
-------------------------+-------+-------++-------
Melee: Long sword        |    95 |   158 ||   253
       Headbutt          |     7 |    28 ||    35
  Use: Scroll            |       |     6 ||     6
       Potion            |       |     2 ||     2
Armor: Scale mail        |    35 |       ||    35
       Plate armour      |    53 |   114 ||   167
Dodge: Dodged            |    42 |    41 ||    83
Block: Buckler           |    25 |    37 ||    62

Table legend: (Time is in decaauts)
 A = Elapsed time spent in this place.
 B = Non-inter-level travel time spent in this place.
 C = Inter-level travel time spent in this place.
 D = Time resting spent in this place.
 E = Time spent auto-exploring this place.
 F = Levels seen in this place.
 G = Mean time per level.
                   A        B        C        D        E       F      G
               +--------+--------+--------+--------+--------+-----+--------+
         Total |   3843 |   3804 |     39 |    954 |   1797 |   4 |  960.8 |
       Dungeon |   3843 |   3804 |     39 |    954 |   1797 |   4 |  960.8 |
               +--------+--------+--------+--------+--------+-----+--------+

Top non-repeatable levels by time:
     D:3: 1263 daAuts
     D:1: 964 daAuts
     D:2: 822 daAuts
     D:4: 792 daAuts
